 Dungeon Crawl Stone Soup version 0.28.0-53-g5a82cb258f (webtiles) character file.

Game seed: 14381702999448677766

53 bnorton916 the Magician (level 3, 0/19 HPs)
             Began as a Deep Elf Fire Elementalist on June 18, 2022.
             Slain by Terence
             ... wielding a +0 flail
              (6 damage)
             ... on level 1 of the Dungeon.
             The game lasted 00:01:47 (2119 turns).

bnorton916 the Magician (DEFE)                      Turns: 2119, Time: 00:01:48

Health: 0/19       AC:  3    Str:  5    XL:     3   Next: 64%
Magic:  10/10      EV: 12    Int: 21    God:
Gold:   118        SH:  0    Dex: 15    Spells: 4/10 levels left

rFire   . . .      SeeInvis .   (no weapon)
rCold   . . .      Faith    .   (no shield)
rNeg    . . .      Spirit   .   a - +0 robe
rPois   .          Reflect  .   h - +1 hat
rElec   .          Harm     .   (no cloak)
rCorr   .          Rampage  .   (no gloves)
Will    .....                   (no boots)
Stlth   ++........              (no amulet)
HPRegen 0.06/turn               l - +4 ring of slaying
MPRegen 0.12/turn               (no ring)

@: no status effects
A: no striking features
a: no special abilities


You were on level 1 of the Dungeon.
You visited 1 branch of the dungeon, and saw 2 of its levels.

You collected 118 gold pieces.

Inventory:

Missiles
 j - 2 boomerangs
 m - 5 javelins
Armour
 a - a +0 robe (worn)
 h - a +1 hat (worn)
Jewellery
 l - a +4 ring of slaying (left hand)
Scrolls
 e - a scroll of noise {unknown}
 f - a scroll of identify {unknown}
 o - 3 scrolls of immolation {unknown}
Potions
 b - 3 potions of lignification {unknown}
 c - a potion of flight {unknown}
 d - a potion of cancellation {unknown}
 g - a potion of heal wounds {unknown}
 i - a potion of magic {unknown}
 k - a potion of haste {unknown}
 n - a potion of degeneration {unknown}
 p - a potion of invisibility {unknown}


   Skills:
 - Level 2.4 Dodging
 - Level 2.4 Stealth
 + Level 4.0 Spellcasting
 + Level 2.4 Conjurations
 + Level 4.0 Fire Magic


You had 4 spell levels left.
You knew the following spells:

 Your Spells              Type           Power      Damage    Failure   Level
a - Foxfire               Conj/Fire      68%        2x1d7     3%          1
b - Scorch                Fire           42%        2d7       3%          2
c - Conjure Flame         Conj/Fire      17%        6-21      10%         3

Your spell library contained the following spells:

 Spells                   Type           Power      Damage    Failure   Level
 Inner Flame              Hex/Fire       12%        N/A       16%         3
 Flame Wave               Conj/Fire      17%        2d6       32%         4


Dungeon Overview and Level Annotations

Branches:
Dungeon (2/15)

Altars:
Dithmenos

Annotations:
D:1 Terence


Message History

You kill the ball python!
Your Fire Magic skill increases to level 4!
The foxfire hits Terence.
Terence is moderately wounded.
Terence says, "Don't bother to defend, it's useless."
Terence says, "Time to say good-bye..."
As you open the door, it creaks loudly!
There is an open door here.
You close the door.
There is an open door here.
There is a stone staircase leading up here.
You climb upwards.
There is a stone staircase leading down here.
Memorise Scorch, consuming 2 spell levels and leaving 7?
You start memorising the spell.
You continue memorising. x2
You finish memorising.
Spell assigned to 'b'.
Okay, then.
Unknown command.
This spell is extremely dangerous to cast!
Memorise Conjure Flame, consuming 3 spell levels and leaving 4?
You start memorising the spell.
You continue memorising. x3
You finish memorising.
Spell assigned to 'c'.
Okay, then.
Unknown command.
You climb downwards.
Level annotation: Terence
There is a stone staircase leading up here.
Terence shouts!
Terence drinks a potion.
Terence goes berserk!
Terence hits you with a +0 flail! Terence hits you with a +0 flail.
There is a stone staircase leading up here.
Terence barely misses you.
You climb upwards.
There is a stone staircase leading down here.
Search for what [Enter for "d:1", or ? for help]? tele Can't find anything matching that.
Terence hits you with a +0 flail. Terence hits you with a +0 flail.
You die...

#.# ##+####.#..#.########......
#.####..(....#...............###
##....#.......#....#########....รท
.'....#.......#....# #.....
##....#.......###..# #.....
...................#########.....
######.#'#########'#.............
###.#.#######..............###
#...#........@.............#
#.###........@.............###
#..........................#..
######.....................#'#
#....>....................
#.........................
#.................^.......
#.........................
#.........................


You could see Terence (berserk).

Vanquished Creatures
  A worm (D:2)
  2 dart slugs (D:1)
  An orc (D:2)
  5 bats
  An endoplasm (D:2)
  A giant cockroach (D:2)
  4 goblins
  7 hobgoblins
  3 quokkas (D:1)
  9 ball pythons
  2 frilled lizards (D:1)
  4 kobolds
  2 rats
42 creatures vanquished.

Vanquished Creatures (others)
  208 foxfires
208 creatures vanquished.

Grand Total: 250 creatures vanquished

Notes
Turn   | Place    | Note
-------+----------+-------------------------------------------
     0 | D:1      | bnorton916 the Deep Elf Fire Elementalist began the quest
                  | for the Orb.
     0 | D:1      | Reached XP level 1. HP: 10/10 MP: 6/6
   215 | D:1      | Reached XP level 2. HP: 15/15 MP: 2/8
   999 | D:1      | Reached XP level 3. HP: 19/19 MP: 7/10
  1420 | D:2      | Found a shadowy altar of Dithmenos.
  2037 | D:2      | Noticed Terence
  2092 | D:1      | Learned a level 2 spell: Scorch
  2096 | D:1      | Learned a level 3 spell: Conjure Flame
  2119 | D:1      | Slain by Terence

Illustrated notes

Levels and vault maps discovered:
D:1:      roderic_crossed_star, layout_basic, minmay_box_of_dots
D:2:      cheibrodos_helix_gallery, layout_basic, basic_altar,
          nicolae_ecumenical_oubliette, uniq_terence

Skill      XL: |  1  2  3 |
---------------+----------+-----
Conjurations   | 2 |  2.4
Spellcasting   | 4 |  4.0
Fire Magic     | 4 |  4.0
Dodging        | |  2.4
Stealth        | |  2.4

Action                   || total
-------------------------++-------
 Cast: Foxfire           ||   124
Armor: Robe              ||     6
Dodge: Dodged            ||    15
